 Dungeon Crawl Stone Soup version 0.19-a0-1091-g463c9de (webtiles) character file.

56 4thArraOfDagon the Skirmisher (level 3, 0/35 HPs)
             Began as a Troll Arcane Marksman on Aug 7, 2016.
             Slain by a centaur (3 damage)
             ... on level 5 of the Dungeon.
             The game lasted 00:01:31 (287 turns).

4thArraOfDagon the Skirmisher (TrAM)                 Turns: 287, Time: 00:01:32

Health: 0/35       AC:  5    Str: 17 (19) XL:     3   Next: 71%
Magic:  3/3        EV:  9    Int:  9 (10) God:
Gold:   0          SH:  0    Dex:  7 (9)  Spells: 1 memorised, 3 levels left

rFire  . . .     SeeInvis .       - Unarmed
rCold  . . .     Gourm    +     a - +0 robe
rNeg   . . .     Faith    .     (no shield)
rPois  .         Spirit   .     (helmet restricted)
rElec  .         Dismiss  .     (no cloak)
rCorr  .         Reflect  .     (gloves unavailable)
SustAt .         Harm     .     (boots unavailable)
MR     .....                    (no amulet)
Stlth  +.........               (no ring)
                                (no ring)

@:
A: unfitting armour, claws 3, fast metabolism 3, gourmand, regeneration 2,
shaggy fur 1, tough skin 2
a: no special abilities


You were on level 5 of the Dungeon.
You were not hungry.

You visited 1 branch of the dungeon, and saw 5 of its levels.

Inventory:

Missiles
 c - 4 large rocks (quivered)
Armour
 a - a +0 robe (worn)
Scrolls
 e - a scroll of blinking
Books
 b - a book of Debilitation

   Spells                             Type                      Level
   a - Corona                         Hexes                        1
   b - Slow                           Hexes                        2
   c - Gell's Gravitas                Hexes/Translocation          3
   d - Inner Flame                    Hexes/Fire                   3
   e - Cause Fear                     Hexes                        4
   f - Leda's Liquefaction            Hexes/Earth                  4
Comestibles
 f - 2 bread rations
 g - a meat ration
 i - a beef jerky


   Skills:
 * Level 2.3 Fighting
 - Level 1.7 Throwing
 - Level 1.5 Dodging
 * Level 2.0 Unarmed Combat
 - Level 1.0 Spellcasting
 - Level 2.0 Hexes


You had 3 spell levels left.
You knew the following spells:

 Your Spells              Type           Power        Failure   Level  Hunger
a - Corona                Hex            #......      17%         1    ##.....


Dungeon Overview and Level Annotations

Branches:
Dungeon (5/15)
 Temple: D:4-7

Altars:


Innate Abilities, Weirdness & Mutations

You are too large for most types of armour.
You have claws for hands.
Your metabolism is lightning-fast.
You like to eat raw meat.
You heal very quickly.
You are covered in fur. (AC +1)
You have very tough skin. (AC +2)


Message History

The centaur is moderately wounded.
The giant frog skeleton hits you but does no damage.
The centaur hits you.
* * * LOW HITPOINT WARNING * * *
The giant frog skeleton hits you.
* * * LOW HITPOINT WARNING * * *
Unknown command.
It was a potion of degeneration.
There was something very wrong with that liquid.
You feel weakened.
You feel dopey.
You feel clumsy. The centaur hits you.
* * * LOW HITPOINT WARNING * * *
The giant frog skeleton barely misses you.
Unknown command.
You scratch the centaur but do no damage.
The centaur is moderately wounded.
The centaur hits you but does no damage.
The giant frog skeleton barely misses you.
The centaur hits you.
You die...

... .#### ##..
.....##..
#......# ##...<#
# ##.....# .###
#......# #...##
##......##.....##
#......@#.8...8.#
......c.Z....(...
............⌠....
.........$.......
........#.8...8.#
........##.....##
........# #...##
......##. #....
....# ....


You could see a centaur and a giant frog skeleton.

Vanquished Creatures
  A worker ant (D:4)
  A hound skeleton (D:2)
  2 worms
  A giant gecko (D:4)
  A giant cockroach (D:3)
  2 goblins
  2 hobgoblins
  A giant gecko skeleton (D:4)
  3 kobolds
  A rat (D:2)
15 creatures vanquished.

Notes
Turn   | Place    | Note
-------+----------+-------------------------------------------
     0 | D:1      | 4thArraOfDagon the Troll Arcane Marksman began the quest for the Orb.
     0 | D:1      | Reached XP level 1. HP: 18/18 MP: 1/1
    48 | D:2      | Reached skill level 1 in Fighting
    69 | D:2      | Reached skill level 1 in Unarmed Combat
    69 | D:2      | Reached XP level 2. HP: 17/27 MP: 2/2
   174 | D:3      | Reached XP level 3. HP: 34/35 MP: 3/3
   268 | D:5      | Entered Level 5 of the Dungeon
   268 | D:5      | Noticed a centaur
   287 | D:5      | Slain by a centaur

Vault maps used:
D:1:      mushboom_english_gardens
D:2:      serial_undead, serial_undead_e, serial_undead_c, serial_undead_b,
          serial_undead_e, serial_undead_a, serial_undead_b, tgw_fedhas,
          uniq_terence, uniq_iyjb, uniq_sigmund, uniq_jessica
D:3:      first_bread, nicolae_dithmenos_through_a_glass_darkly
D:4:      gup_sewer_entry_spiral
D:5:      serial_shops, shop, wad_floor_pattern_untrapped

Skill      XL: |  1  2  3 |
---------------+----------+-----
Fighting       | 1 2 |  2.3
Unarmed Combat | 1 2 |  2.0
Throwing       | |  1.7
Dodging        | |  1.5
Spellcasting   | |  1.0
Hexes          | |  2.0

Action                   || total
-------------------------++-------
Melee: Unarmed           ||    78
Throw: Throwing net      ||     2
  Use: Scroll            ||     1
       Potion            ||     1
  Eat: Chunk             ||     3
Armor: Robe              ||    24
Dodge: Dodged            ||    43
